 Dungeon Crawl Stone Soup version 0.29-a0-243-g602b31c20e (webtiles) character file.

Game seed: 1610669732510008147

180 sanka the Caller (level 5, -2/37 HPs)
             Began as a Gnoll Summoner on Mar 4, 2022.
             Slain by Karim's ghost (7 damage)
             ... on level 3 of the Dungeon.
             The game lasted 00:04:05 (4066 turns).

sanka the Caller (Gnoll Summoner)                   Turns: 4066, Time: 00:04:05

Health: -2/37      AC:  2    Str:  8    XL:     5   Next: 60%
Magic:  0/12       EV: 14    Int: 16    God:
Gold:   159        SH:  0    Dex: 18    Spells: 8/14 levels left

rFire   . . .      SeeInvis .   c - +0 trident
rCold   . . .      Faith    .   (no shield)
rNeg    . . .      Spirit   +   a - +0 robe
rPois   .          Reflect  .   (no helmet)
rElec   .          Harm     .   (no cloak)
rCorr   .          Rampage  .   (no gloves)
Will    .....                   (no boots)
Stlth   +++.......              o - amulet of guardian spirit
HPRegen 0.12/turn               (no ring)
MPRegen 0.13/turn               l - +6 ring of dexterity

@: no status effects
A: fangs 1, strong nose, distributed training
a: no special abilities


You were on level 3 of the Dungeon.
You visited 1 branch of the dungeon, and saw 3 of its levels.

You collected 159 gold pieces.


Innate Abilities, Weirdness & Mutations

You have very sharp teeth.
Your uncanny sense of smell can sniff out nearby items.
Your experience applies equally to all skills.


   Skills:
 + Level 1.5 Fighting
 + Level 1.5 Short Blades
 + Level 1.5 Long Blades
 + Level 1.5 Axes
 + Level 1.5 Maces & Flails
 + Level 1.5 Polearms
 + Level 1.5 Staves
 + Level 1.5 Slings
 + Level 1.5 Bows
 + Level 1.5 Crossbows
 + Level 1.5 Throwing
 + Level 1.5 Armour
 + Level 4.8 Dodging
 + Level 4.4 Stealth
 + Level 1.5 Shields
 + Level 1.5 Unarmed Combat
 + Level 5.2 Spellcasting
 + Level 1.2 Conjurations
 + Level 1.2 Hexes
 + Level 7.2 Summonings
 + Level 1.2 Necromancy
 + Level 1.2 Translocations
 + Level 1.2 Transmutations
 + Level 1.2 Fire Magic
 + Level 1.2 Ice Magic
 + Level 1.2 Air Magic
 + Level 1.2 Earth Magic
 + Level 1.2 Poison Magic
 + Level 1.7 Invocations
 + Level 1.5 Evocations


You had 8 spell levels left.
You knew the following spells:

 Your Spells              Type           Power      Damage    Failure   Level
c - Call Canine Familiar  Summ           27%        N/A       2%          3
x - Call Imp              Summ           27%        N/A       1%          2
z - Summon Small Mammal   Summ           100%       N/A       1%          1

Your spell library contained the following spells:

 Spells                   Type           Power      Damage    Failure   Level
 Summon Guardian Golem    Hex/Summ       17%        N/A       8%          3
 Summon Lightning Spire   Summ/Air       17%        N/A       26%         4

Inventory:

Hand Weapons
 c - a +0 trident (weapon)
 u - a +0 war axe
Missiles
 s - 6 poisoned darts
 t - 4 javelins
Armour
 a - a +0 robe (worn)
 w - a +0 pair of gloves
Jewellery
 l - a +6 ring of dexterity (right hand)
 o - an amulet of guardian spirit (around neck)
Scrolls
 d - 4 scrolls of identify {unknown}
 e - 2 scrolls of torment {unknown}
 g - 3 scrolls of enchant weapon {unknown}
 i - 2 scrolls of noise {unknown}
 p - 2 scrolls of magic mapping {unknown}
 q - 2 scrolls of brand weapon {unknown}
 r - a scroll of enchant armour {unknown}
 v - 2 scrolls of fear {unknown}
Potions
 b - 2 potions of haste {unknown}
 f - 3 potions of heal wounds {unknown}
 h - a potion of lignification {unknown}
 j - 2 potions of cancellation {unknown}
 k - a potion of might {unknown}
 m - a potion of resistance {unknown}
 n - a potion of curing {unknown}

Dungeon Overview and Level Annotations

Branches:
Dungeon (3/15)

Altars:

Annotations:
D:3 Karim's ghost, amateur TrMo

▒▒...▒.8.(...▒.▒.▒▒▒ ▒.
▒▒'▒▒.....((▒...▒ ▒.
▒.▒▒..(....▒▒.▒▒ ▒.
▒▒▒▒▒▒▒▒▒ ▒.▒▒....(..▒▒.▒
▒.
........▒▒▒..▒.(....(▒▒.▒
▒.
.▒.▒.▒▒.▒▒..▒▒▒▒'''▒▒▒▒.▒
▒.
..▒▒▒.▒.▒..▒▒▒..rr...▒▒.▒
▒. ....▒▒..▒.▒▒
▒...W#.#▒▒.▒ ▒.
.▒▒......▒▒ ▒▒▒g.÷.....▒
▒. ........▒.▒▒
▒▒.▒▒▒▒▒▒▒▒▒ ▒.
▒.▒▒▒.▒▒▒▒.▒▒▒.▒▒ ▒▒
▒▒.▒.▒▒ ▒▒.▒.▒▒ ▒▒.▒▒
▒..▒▒ ▒▒▒▒▒ ▒.▒▒ ..▒▒ ▒.▒
...▒ ▒.▒ ...▒ ▒.▒


You could see Karim's ghost (ally target) and 2 friendly quokkas.


Message History

Karim's ghost is heavily damaged.
Your shadow imp hits Karim's ghost.
Your quokka barely misses Karim's ghost.
Your quokka bites Karim's ghost.
Karim's ghost hits you!
* * * LOW HITPOINT WARNING * * *
Your shadow imp barely misses Karim's ghost.
Your quokka bites Karim's ghost but does no damage.
You hit Karim's ghost but do no damage. Your punch misses Karim's ghost.
Karim's ghost is heavily damaged.
Your quokka barely misses Karim's ghost.
Karim's ghost hits you!
* * * LOW HITPOINT WARNING * * *
Your quokka closely misses Karim's ghost.
Your quokka bites Karim's ghost.
You closely miss Karim's ghost.
Karim's ghost is heavily damaged.
Your quokka completely misses Karim's ghost.
Karim's ghost hits you.
* * * LOW HITPOINT WARNING * * *
Your quokka bites Karim's ghost.
Unknown command.
Unknown command.
Your quokka closely misses Karim's ghost.
Your quokka barely misses Karim's ghost.
Your quokka barely misses Karim's ghost.
Karim's ghost crushes a nearby insect and laughs.
Karim's ghost hits you!
You die...

Action                   |  1- 3 |  4- 6 || total
-------------------------+-------+-------++-------
Melee: Trident           |    91 |   109 ||   200
       Bite              |     6 |     7 ||    13
       Punch             |       |     2 ||     2
 Cast: Summon Small Mamm |    24 |     3 ||    27
       Call Canine Famil |       |     4 ||     4
       Call Imp          |       |     2 ||     2
 Stab: Sleeping          |     4 |    12 ||    16
       Distracted        |       |     2 ||     2
Armor: Robe              |    18 |    14 ||    32
Dodge: Dodged            |    51 |    77 ||   128

Levels and vault maps discovered:
D:1:      dpeg_arrival_orchard, layout_basic
D:2:      minmay_thinvault, layout_basic, serial_co_window_serial,
          co_window_cross_1, co_window_paths_a, co_window_paths_b,
          co_window_paths_a, co_window_of_opportunity_a, co_window_2corner,
          co_window_broadway_c, co_window_of_opportunity_b, co_window_4corner_b,
          glass_columns_b, glass_columns_b, glass_columns_a, st_stairs_3
D:3:      layout_loops_corners, ebering_ghost_rock_garden, uniq_natasha

Notes
Turn   | Place    | Note
-------+----------+-------------------------------------------
     0 | D:1      | sanka the Gnoll Summoner began the quest for the Orb.
     0 | D:1      | Reached XP level 1. HP: 13/13 MP: 6/6
   162 | D:1      | Reached XP level 2. HP: 19/19 MP: 5/7
   916 | D:2      | Reached XP level 3. HP: 25/25 MP: 7/9
   981 | D:2      | Reached skill level 5 in Spellcasting
  1030 | D:2      | Reached skill level 1 in Invocations
  1377 | D:2      | Reached skill level 1 in Fighting
  1377 | D:2      | Reached skill level 1 in Short Blades
  1377 | D:2      | Reached skill level 1 in Long Blades
  1377 | D:2      | Reached skill level 1 in Axes
  1377 | D:2      | Reached skill level 1 in Maces & Flails
  1377 | D:2      | Reached skill level 1 in Polearms
  1377 | D:2      | Reached skill level 1 in Staves
  1377 | D:2      | Reached skill level 1 in Slings
  1377 | D:2      | Reached skill level 1 in Bows
  1377 | D:2      | Reached skill level 1 in Crossbows
  1377 | D:2      | Reached skill level 1 in Throwing
  1377 | D:2      | Reached skill level 1 in Armour
  1377 | D:2      | Reached skill level 1 in Shields
  1377 | D:2      | Reached skill level 1 in Unarmed Combat
  1377 | D:2      | Reached skill level 1 in Evocations
  1415 | D:2      | Learned a level 2 spell: Call Imp
  1419 | D:2      | Learned a level 3 spell: Call Canine Familiar
  1795 | D:2      | Reached XP level 4. HP: 32/32 MP: 11/11
  2385 | D:2      | HP: 3/32 [worm (3)]
  2411 | D:2      | HP: 3/32 [worm (3)]
  2766 | D:2      | Reached skill level 1 in Conjurations
  2766 | D:2      | Reached skill level 1 in Hexes
  2766 | D:2      | Reached skill level 1 in Necromancy
  2766 | D:2      | Reached skill level 1 in Translocations
  2766 | D:2      | Reached skill level 1 in Transmutations
  2766 | D:2      | Reached skill level 1 in Fire Magic
  2766 | D:2      | Reached skill level 1 in Ice Magic
  2766 | D:2      | Reached skill level 1 in Air Magic
  2766 | D:2      | Reached skill level 1 in Earth Magic
  2766 | D:2      | Reached skill level 1 in Poison Magic
  3102 | D:3      | Found a runed translucent gate.
  3103 | D:3      | Found a runed translucent gate.
  3103 | D:3      | Found a runed translucent gate.
  3104 | D:3      | Noticed Karim's ghost (amateur TrMo)
  3155 | D:3      | Noticed Natasha
  3159 | D:3      | Killed Natasha
  3160 | D:3      | Reached XP level 5. HP: 37/37 MP: 12/12
  3818 | D:3      | Noticed Natasha
  3827 | D:3      | Killed Natasha
  3832 | D:3      | Noticed Natasha
  3839 | D:3      | Killed Natasha
  4066 | D:3      | Slain by Karim's ghost

Vanquished Creatures
  Natasha (D:3)
  An adder (D:2)
  A worm (D:2)
  A dart slug (D:1)
  An orc (D:3)
  2 ball pythons (D:2)
  5 endoplasms
  5 giant cockroaches
  2 goblins
  5 hobgoblins
  4 quokkas
  6 bats
  3 frilled lizards
  3 kobolds
  9 rats
49 creatures vanquished.

Vanquished Creatures (collateral kills)
  Natasha (twice) (D:3)
  3 adders
  A worm (D:2)
  A dart slug (D:1)
  An endoplasm (D:2)
  A quokka (D:2)
  A ball python (D:1)
  A frilled lizard (D:2)
  A goblin (D:2)
  2 kobolds
  A rat (D:2)
15 creatures vanquished.

Grand Total: 64 creatures vanquished
